 Dungeon Crawl Stone Soup version 0.20.0-8-g6b59dc7 (webtiles) character file.

4699 uglyjohn the Fencer (level 10, -3/89 HPs)
             Began as a Minotaur Hunter on May 31, 2017.
             Was an Elder of Okawaru.
             Slain by a tentacled starspawn (21 damage)
             ... on level 1 of the Abyss.
             The game lasted 00:18:32 (8026 turns).

uglyjohn the Fencer (Minotaur Hunter)               Turns: 8026, Time: 00:18:33

Health: -3/89      AC: 11    Str: 21    XL:     10   Next: 21%
Magic:  9/9        EV:  8    Int: 12    God:    Okawaru [****..]
Gold:   294        SH:  0    Dex: 10    Spells: 9/9 levels left

rFire    . . .     SeeInvis .   H - +1 great sword (curse)
rCold    . . .     Gourm    .   (shield currently unavailable)
rNeg     . . .     Faith    .   w - +0 chain mail
rPois    .         Spirit   .   (helmet restricted)
rElec    .         Reflect  .   (no cloak)
rCorr    .         Harm     .   (no gloves)
MR       .....                  o - +1 pair of boots
Stlth    ..........             C - amulet of Vitality {Regen+ HP+15}
Regen    0.7/turn               h - +4 ring of intelligence
MPRegen  0.2/turn               (no ring)

@: hasted, very quick
A: retaliatory headbutt, horns 2
a: Heroism, Renounce Religion


You were on level 1 of the Abyss.
You worshipped Okawaru.
Okawaru was greatly pleased with you.
You were not hungry.

You visited 2 branches of the dungeon, and saw 10 of its levels.
You visited the Abyss 1 time.

You collected 294 gold pieces.

Inventory:

Hand Weapons
 a - a +0 arbalest
 H - a cursed +1 great sword (weapon)
 I - a +5 scimitar
Missiles
 d - 58 bolts
Armour
 e - a +0 shield
 o - a +1 pair of boots (worn)
 w - a +0 chain mail (worn)
 y - a +0 pair of boots
Jewellery
 h - a +4 ring of intelligence (left hand)
 z - an uncursed ring of fire
 C - the amulet of Vitality (around neck) {Regen+ HP+15}
   (You found it on level 7 of the Dungeon)

   [amulet of regeneration]

   It affects your health (+15).
   It increases your rate of regeneration.
Wands
 x - a wand of iceblast (7/15)
Scrolls
 p - 3 scrolls of recharging
 s - 4 scrolls of teleportation
 B - a scroll of enchant armour
Potions
 g - a potion of heal wounds {unknown}
 k - a potion of invisibility {unknown}
 l - a potion of lignification {unknown}
 m - 2 potions of agility
 n - 2 potions of flight
 q - a potion of might
 r - a potion of mutation {unknown}
 A - 2 potions of curing
 D - a potion of cancellation {unknown}
 F - a potion of haste
Books
 G - a book of Air

   Spells                             Type                      Level
   a - Shock                          Conjuration/Air              1
   b - Swiftness                      Charms/Air                   2
   c - Static Discharge               Conjuration/Air              3
   d - Airstrike                      Air                          4
   e - Lightning Bolt                 Conjuration/Air              5
Comestibles
 f - 4 bread rations
 j - 2 fruits
 u - 2 royal jellies
 v - 3 meat rations


   Skills:
 - Level 2.4 Fighting
 + Level 16.1 Long Blades
 - Level 4.3 Crossbows
 - Level 4.3 Armour
 - Level 2.1 Dodging
 - Level 0.7 Stealth


You had 9 spell levels left.
You didn't know any spells.

Dungeon Overview and Level Annotations

Branches:
Dungeon (9/15)             Temple (1/1) D:6
   Lair: D:8-11         Orc: D:9-12

Altars:
Ashenzari
Cheibriados
Dithmenos
Elyvilon
Fedhas
Gozag
Hepliaklqana
Kikubaaqudgha
Makhleb
Nemelex Xobeh
Okawaru
Qazlal
Ru
Sif Muna
Trog
Uskayaw
Vehumet
Xom
Yredelemnul
Zin
The Shining One

Shops:
D:4 *   D:6 %

Annotations:
D:9 Maurice, Psyche


Innate Abilities, Weirdness & Mutations

You reflexively headbutt those who attack you in melee.
You have a pair of horns on your head.


Message History

The starspawn tentacle loses its grip on you.
The tentacle pulls you backwards! The starspawn tentacle grabs you.
* * * LOW HITPOINT WARNING * * *
The starspawn tentacle constricts you.
Unknown command.
You slice the starspawn tentacle!!
You destroy the starspawn tentacle!
Unknown command.
Unknown command.
The tentacled starspawn bites you!
* * * LOW HITPOINT WARNING * * *
The tentacled starspawn engulfs you but does no damage.
There is an open door here.
You hit the tentacled starspawn but do no damage.
You headbutt the tentacled starspawn, but do no damage.
The tentacled starspawn is heavily damaged.
Tentacles burst from the starspawn's body! 2 starspawn tentacles come into view.
You feel yourself speed up. The tentacled starspawn bites you!!
You die...

. #.##.. .. .
#######.#.###... ≈≈
.♣#..........5.#
#........#....#.≈ .
####.. ..#....# # #
#.#####....# # .#
##†###≈# #.# ##.#
#..# ≈. # # .# #@#
#.) .. .
.#....wX......#
..... ..
.#.....w.....# . .
. ...#............
.. ..
..#......∩....# #.
#
##.###.......≈.≈.#
#####.............#
.###.....#...#


You could see a tentacled starspawn and 2 starspawn tentacles.

Vanquished Creatures
  Pikel (D:9)
  The ghost of scalarboson the Slasher, a novice TeFi (D:6)
  A dire elephant zombie (Abyss:1)
  A yak (shapeshifter) (Abyss:1)
  Eustachio (D:6)
  Duvessa (D:6)
  5 orc warriors
  5 ice beasts
  A sky beast (D:5)
  A slave (D:9)
  An ogre (D:5)
  A necrophage (D:8)
  A big kobold (D:9)
  4 bullfrogs
  Dowan (D:6)
  A water moccasin zombie (D:6)
  A scorpion (D:8)
  12 wights
  A jelly (D:8)
  A centaur zombie (D:6)
  2 crimson imps
  4 hounds
  A quasit (D:9)
  2 orc priests
  A bullfrog zombie (D:5)
  A gnoll shaman (D:7)
  8 orc wizards
  2 iguanas
  4 worker ants
  A worker ant zombie (D:6)
  6 gnolls
  2 howler monkey skeletons
  8 adders
  An ufetubus (Abyss:1)
  An adder skeleton (D:6)
  4 worms
  A dart slug (D:4)
  5 leopard geckos
  23 orcs
  11 bats
  4 giant cockroaches
  13 goblins
  3 hobgoblins
  11 jackals
  3 quokkas
  3 ball pythons
  A ball python zombie (D:5)
  2 frilled lizards
  A giant cockroach zombie (D:5)
  A jackal zombie (D:6)
  14 kobolds
  8 rats
  2 starspawn tentacles (Abyss:1)
196 creatures vanquished.

Vanquished Creatures (others)
  An orc warrior (D:6)
  2 slaves (D:9)
  A hound (D:6)
  A worker ant (D:6)
  An orc (D:6)
6 creatures vanquished.

Grand Total: 202 creatures vanquished

Notes
Turn   | Place    | Note
-------+----------+-------------------------------------------
     0 | D:1      | uglyjohn the Minotaur Hunter began the quest for the Orb.
     0 | D:1      | Reached XP level 1. HP: 18/18 MP: 0/0
    17 | D:1      | Reached XP level 2. HP: 25/25 MP: 1/1
   328 | D:1      | Reached XP level 3. HP: 30/30 MP: 2/2
  1252 | D:2      | Reached XP level 4. HP: 32/37 MP: 3/3
  1371 | D:2      | Reached skill level 1 in Long Blades
  1521 | D:3      | Reached skill level 2 in Long Blades
  1593 | D:3      | Found a deep blue altar of Sif Muna.
  1856 | D:3      | Found a white marble altar of Elyvilon.
  1917 | D:3      | Found a basalt altar of Yredelemnul.
  2029 | D:3      | Reached skill level 3 in Long Blades
  2349 | D:4      | Reached XP level 5. HP: 40/42 MP: 4/4
  2575 | D:4      | Found Jiplom's General Store.
  2634 | D:4      | Found a bloodstained altar of Trog.
  2638 | D:4      | Found a hide-covered altar of Uskayaw.
  2643 | D:4      | Found a blossoming altar of Fedhas.
  2775 | D:4      | Reached skill level 4 in Long Blades
  3160 | D:5      | Entered Level 5 of the Dungeon
  3205 | D:5      | Reached skill level 5 in Long Blades
  3296 | D:5      | Reached XP level 6. HP: 34/50 MP: 5/5
  3402 | D:5      | Found a hazy altar of Hepliaklqana.
  3409 | D:5      | Noticed a sky beast
  3419 | D:5      | Killed a sky beast
  3419 | D:5      | Reached skill level 6 in Long Blades
  3453 | D:5      | Noticed an ice beast
  3467 | D:5      | Reached skill level 7 in Long Blades
  3523 | D:5      | Killed an ice beast
  3523 | D:5      | Reached XP level 7. HP: 56/56 MP: 6/6
  3872 | D:5      | You fall through a shaft for 2 floors!
  3882 | D:7      | Reached skill level 8 in Long Blades
  3964 | D:6      | Found a shimmering altar of Xom.
  3973 | D:6      | Reached skill level 9 in Long Blades
  4384 | D:6      | Reached XP level 8. HP: 62/62 MP: 7/7
  4400 | D:6      | Reached skill level 10 in Long Blades
  4401 | D:6      | Found a staircase to the Ecumenical Temple.
  4423 | Temple   | Entered the Ecumenical Temple
  4532 | Temple   | Became a worshipper of Warmaster Okawaru
  4671 | D:6      | Noticed Duvessa
  4685 | D:6      | Noticed Dowan
  4696 | D:6      | Killed Duvessa
  4698 | D:6      | Killed Dowan
  4933 | D:6      | Found Pyisogil's Food Boutique.
  5016 | D:6      | Noticed scalarboson's ghost (novice TeFi)
  5029 | D:6      | Killed scalarboson's ghost
  5029 | D:6      | Reached * piety under Okawaru
  5029 | D:6      | Reached skill level 11 in Long Blades
  5159 | D:6      | Noticed Eustachio
  5184 | D:6      | Killed Eustachio
  5184 | D:6      | Reached skill level 12 in Long Blades
  5226 | D:6      | Reached ** piety under Okawaru
  5555 | D:7      | Reached XP level 9. HP: 51/68 MP: 8/8
  5780 | D:7      | Reached skill level 13 in Long Blades
  6207 | D:7      | Found a sparkling altar of Nemelex Xobeh.
  6650 | D:8      | Found a radiant altar of Vehumet.
  6718 | D:8      | Reached skill level 14 in Long Blades
  6833 | D:8      | Reached *** piety under Okawaru
  7390 | D:8      | Reached skill level 15 in Long Blades
  7635 | D:9      | Reached **** piety under Okawaru
  7690 | D:9      | Found a burning altar of Makhleb.
  7700 | D:9      | Noticed Pikel
  7715 | D:9      | Killed Pikel
  7715 | D:9      | Reached XP level 10. HP: 33/73 MP: 7/9
  7835 | D:9      | Noticed Psyche
  7900 | D:9      | Noticed Maurice
  7904 | D:9      | Cast into level 1 of the Abyss (Psyche)
  8003 | Abyss:1  | Reached skill level 16 in Long Blades
  8016 | Abyss:1  | Noticed a tentacled starspawn
  8026 | Abyss:1  | Slain by a tentacled starspawn

Skill      XL: |  1  2  3  4  5  6  7  8  9 10 |
---------------+-------------------------------+-----
Armour         | 2 3 4 |  4.3
Long Blades    | 3 5 7 9 12 15 16 | 16.1
Fighting       | |  2.4
Crossbows      | |  4.3
Dodging        | |  2.1
Stealth        | |  0.7

Action                   |  1- 3 |  4- 6 |  7- 9 | 10-12 || total
-------------------------+-------+-------+-------+-------++-------
Melee: Short sword       |    18 |       |       |       ||    18
       Whip              |    76 |       |       |       ||    76
       Headbutt          |    14 |    20 |    75 |     9 ||   118
       Long sword        |     5 |   116 |   216 |       ||   337
       Scimitar          |       |       |   101 |       ||   101
       Great sword       |       |       |    77 |    31 ||   108
 Fire: Hand crossbow     |     6 |       |       |       ||     6
       Arbalest          |       |       |     7 |       ||     7
Invok: Heroism           |       |       |     1 |     1 ||     2
Evoke: Wand              |       |       |       |     1 ||     1
  Use: Scroll            |       |     5 |     8 |     2 ||    15
       Potion            |       |       |     3 |     2 ||     5
  Eat: Bread ration      |     1 |       |       |       ||     1
       Chunk             |     1 |     8 |    11 |     1 ||    21
       Royal jelly       |       |       |     1 |       ||     1
Armor: Leather armour    |     4 |       |       |       ||     4
       Ring mail         |    29 |    49 |    66 |       ||   144
       Chain mail        |       |       |    77 |    27 ||   104
Dodge: Dodged            |    68 |    87 |   159 |    15 ||   329
Block: Shield            |       |     1 |       |       ||     1
       Rpst.: Long sword |     1 |    25 |    22 |       ||    48
       Great sword       |       |       |    10 |     1 ||    11
       Scimitar          |       |       |     8 |       ||     8
